 Dungeon Crawl Stone Soup version 0.21.1 (webtiles) character file.

113 Miyamura the Charlatan (level 5, -2/39 HPs)
             Began as a Formicid Artificer on Feb 4, 2018.
             Slain by a worker ant (6 damage)
             ... on level 2 of the Dungeon.
             The game lasted 00:04:00 (2920 turns).

Miyamura the Charlatan (Formicid Artificer)         Turns: 2920, Time: 00:04:01

Health: -2/39      AC:  8    Str: 18    XL:     5   Next: 17%
Magic:  7/7        EV:  8    Int: 10    God:
Gold:   18         SH:  0    Dex: 11    Spells: 4/4 levels left

rFire    . . .     SeeInvis +   h - +0 spear
rCold    . . .     Gourm    .   (no shield)
rNeg     . . .     Faith    .   j - +0 chain mail
rPois    .         Spirit   .   (helmet unavailable)
rElec    .         Reflect  .   (no cloak)
rCorr    .         Harm     .   (no gloves)
MR       .....                  (no boots)
Stlth    ..........             (no amulet)
HPRegen  0.13/turn              (no ring)
MPRegen  0.10/turn              (no ring)

@: lethally poisoned (-2 -> -9)
A: permanent stasis, dig shafts and tunnels, four strong arms, antennae 3
a: Dig, Shaft Self


You were on level 2 of the Dungeon.
You were hungry.

You visited 1 branch of the dungeon, and saw 2 of its levels.

You collected 18 gold pieces.

Inventory:

Hand Weapons
 h - a +0 spear (weapon)
 s - a +0 hunting sling
Missiles
 g - 129 stones (quivered)
 i - 41 bolts
 q - 5 tomahawks
 t - 14 poisoned needles
Armour
 j - a +0 chain mail (worn)
Jewellery
 k - an uncursed ring of ice
Wands
 c - a wand of flame (15)
 d - a wand of enslavement (15)
 e - a wand of random effects (12)
Scrolls
 a - a scroll of identify {unknown}
 l - 3 scrolls of random uselessness {unknown}
 m - a scroll of enchant weapon {unknown}
 n - 2 scrolls of teleportation {unknown}
 o - a scroll of magic mapping {unknown}
 p - 2 scrolls of amnesia {unknown}
Potions
 b - a potion of agility {unknown}
 u - a potion of curing {unknown}
Comestibles
 f - 3 rations
 r - a chunk of flesh


   Skills:
 + Level 2.5 Fighting
   Level 1.0 Short Blades
 + Level 0.2 Polearms
 + Level 2.1 Armour
 + Level 2.6 Dodging
 + Level 3.1 Stealth
 - Level 3.2 Evocations


You had 4 spell levels left.
You didn't know any spells.

Dungeon Overview and Level Annotations

Branches:
Dungeon (2/15)

Altars:


Innate Abilities, Weirdness & Mutations

You cannot be hasted, slowed, berserked, paralysed or teleported.
You can dig through walls and to a lower floor.
Your four strong arms can wield two-handed weapons with a shield.
You have a pair of large antennae on your head. (SInv)


Message History

You hit the worker ant.
The worker ant is heavily wounded.
You feel sick. The worker ant bites you.
You hit the worker ant but do no damage.
The worker ant is heavily wounded.
You feel sick. The worker ant bites you.
You hit the worker ant.
The worker ant is severely wounded.
You feel sick. The worker ant bites you. x2
You hit the worker ant but do no damage.
The worker ant is severely wounded.
You feel sick. The worker ant barely misses you.
You hit the worker ant but do no damage.
The worker ant is severely wounded.
You feel sick.
The worker ant bites you but does no damage.
You hit the worker ant.
The worker ant is severely wounded.
You feel sick. The worker ant bites you.
You die...

.###.##.#.# #######.#
..##.#....#####........#.
..'.......................
..##.#....#####.####...#.
.###.##...# #.# ###.#. ##
#.###..# #.# #.. . #
#......# #.# #.#.#
#####)## #.###.#.# #.#
#.@a...(# #### #.#
####...## ...# #.#
#.#.....# ##.#####.#
#...##### .........# #####
##.####### ##.# ...# ####


You could see a worker ant.

Vanquished Creatures
  A worker ant (D:2)
  4 adders (D:2)
  An ooze (D:1)
  2 worms (D:2)
  A dart slug (D:2)
  2 leopard geckos (D:2)
  An orc (D:2)
  2 giant cockroaches
  2 hobgoblins (D:1)
  2 jackals (D:1)
  A quokka (D:2)
  4 bats (D:2)
  4 frilled lizards
  5 goblins
  5 kobolds
  4 rats
41 creatures vanquished.

Notes
Turn   | Place    | Note
-------+----------+-------------------------------------------
     0 | D:1      | Miyamura the Formicid Artificer began the quest for the Orb.
     0 | D:1      | Reached XP level 1. HP: 15/15 MP: 3/3
   202 | D:1      | Reached XP level 2. HP: 16/21 MP: 4/4
   724 | D:1      | Reached skill level 1 in Armour
   840 | D:1      | Reached XP level 3. HP: 27/27 MP: 5/5
  1289 | D:2      | Reached XP level 4. HP: 33/33 MP: 6/6
  2371 | D:2      | Reached XP level 5. HP: 7/39 MP: 7/7
  2920 | D:2      | Slain by a worker ant

Skill      XL: |  1  2  3  4 |
---------------+-------------+-----
Dodging        | 2 |  2.6
Stealth        | 2 3 |  3.1
Armour         | 1 2 |  2.1
Fighting       | 2 |  2.5
Short Blades   | |  1.0
Polearms       | |  0.2
Evocations     | |  3.2

Action                   |  1- 3 |  4- 6 || total
-------------------------+-------+-------++-------
Melee: Short sword       |    73 |    56 ||   129
       Spear             |       |   103 ||   103
 Fire: Hunting sling     |       |     7 ||     7
Throw: Stone             |       |     1 ||     1
Evoke: Wand              |     2 |     1 ||     3
 Stab: Sleeping          |     1 |       ||     1
  Eat: Chunk             |     1 |     5 ||     6
Armor: Leather armour    |     6 |       ||     6
       Chain mail        |    13 |    87 ||   100
Dodge: Dodged            |    35 |    74 ||   109
